 Dungeon Crawl Stone Soup version 0.30-a0-845-g7c6808c8ce (webtiles) character file.

Game seed: 8764456806159904748

6538 ders the Thaumaturge (level 11, -3/65 HPs)
             Began as a Djinni Conjurer on Mar 3, 2023.
             Was a Follower of Ashenzari.
             Killed by an exploding fulminant prism (20 damage)
             ... on level 1 of the Lair of Beasts.
             The game lasted 00:17:08 (8759 turns).

ders the Thaumaturge (Djinni Conjurer)              Turns: 8759, Time: 00:17:08

Health: -3/65      AC:  7    Str:  6    XL:     11   Next: 20%
Gold:   483        EV: 11    Int: 23    God:    Ashenzari [*.....] SH:  0 Dex: 13

rFire   + + +      SeeInvis .    (no weapon)
rCold   x . .      Faith    .    (no shield)
rNeg    . . .      Spirit   .    q - +2 leather armour of the Cryptic Planets {rF+, Self, Evo} (curse)
rPois   ∞          Reflect  .    m - +1 helmet of the Restrained Planets {Self, Cun} (curse)
rElec   .          Rampage  .    (no cloak)
rCorr   .                        (no gloves)
Will    +....                    (boots unavailable)
Stlth   ++                       (no amulet)
HPRegen 0.30/turn                (no ring)
MPRegen 0.00/turn                (no ring)

@: flying
A: sickness immunity, fire resistance 2, cold vulnerability 1, float, innate
caster, HP casting, extra vitality 1
a: Renounce Religion, Shatter the Chains


You were on level 1 of the Lair of Beasts.
You worshipped Ashenzari.
Ashenzari was aware of your devotion.
You visited 3 branches of the dungeon, and saw 12 of its levels.

You collected 483 gold pieces.

Inventory:

Missiles
 A - a throwing net
Armour
 a - a +0 robe
 m - the cursed +1 helmet of the Restrained Planets (worn) {Self, Cun}
   (You found it on level 3 of the Dungeon)

   It has a curse which improves the following skills: Introspection: Fighting
   and Spellcasting.
   Cunning:   Dodging and Stealth.
 q - the cursed +2 leather armour of the Cryptic Planets (worn) {rF+, Self, Evo}
   (You took it off Eustachio on level 4 of the Dungeon)

   It has a curse which improves the following skills: Introspection: Fighting
   and Spellcasting.
   Evocations: Evocations.
 y - +0 acid dragon scales
Jewellery
 g - a ring of fire
Wands
 p - a wand of paralysis (10)
Scrolls
 b - 6 scrolls of blinking
 h - a scroll of butterflies
 k - 4 scrolls of magic mapping
 o - 2 scrolls of silence
 r - 4 scrolls of immolation
 s - 2 scrolls of teleportation
 t - 2 scrolls of identify
 v - 2 scrolls of fog
 x - 5 scrolls of enchant armour
Potions
 c - a potion of lignification
 d - 5 potions of haste
 e - 7 potions of heal wounds
 f - 2 potions of cancellation
 i - 2 potions of resistance
 j - 3 potions of curing
 l - a potion of ambrosia
 n - a potion of flight
 u - 2 potions of attraction
 w - a potion of brilliance
 B - 3 potions of degeneration


   Skills:
 - Level 2.1(2.8) Dodging
 - Level 1.5(2.2) Stealth
 + Level 13.0(14.2) Spellcasting


You knew the following spells:

 Your Spells              Type           Power      Damage    Failure   Level
a - Magic Dart            Conj           100%       1d8       0%          1
b - Searing Ray           Conj           100%       2d8       1%          2
c - Dazzling Flash        Conj/Hex       100%       N/A       1%          3
d - Fulminant Prism       Conj/Hex       35%        3d18      1%          4
e - Iskenderun's Mystic   Conj/Tloc      70%        2d14      1%          4
f - Slow                  Hex            100%       N/A       0%          1
g - Static Discharge      Conj/Air       100%       2-7/arc   1%          2
h - Scorch                Fire           100%       2d10      1%          2
i - Cause Fear            Hex            35%        N/A       1%          4
j - Silence               Hex/Air        35%        N/A       1%          5
Your spell library was empty.

Dungeon Overview and Level Annotations

Branches:
Dungeon (10/15)            Temple (1/1) D:6            Lair (1/5) D:10
    Orc: D:9-12

Altars:
Ashenzari
Cheibriados
Dithmenos
Fedhas
Gozag
Makhleb
Okawaru
Trog
Uskayaw
Yredelemnul
Zin

Shops:
D:5 !   D:9 *


Innate Abilities, Weirdness & Mutations

You are immune to sickness and miasma.
You are immune to poison.
Your flesh is very heat resistant. (rF++)
You are vulnerable to cold. (rC-)
You float through the air rather than walking.
You learn spells naturally, not from books.
Your magical power is your life essence.
You have superior vitality. (+4 MHP)


Message History

You hear a bellow!
A death yak comes into view.
You hear a howl! x2
Your base Spellcasting skill increases to level 13!
Casting: Iskenderun's Mystic Blast (safe; 1% risk of failure)
Confirm with . or Enter, or press ? or * to list all spells.
Aiming: Fulminant Prism (safe; 1% risk of failure)
Press: ? - help, Dir - move target You conjure a prism of explosive energy!
A fulminant prism comes into view.
Unknown command.
Unknown command.
Casting: Fulminant Prism (safe; 1% risk of failure)
Confirm with . or Enter, or press ? or * to list all spells.
You erupt in a blast of force!
The mystic blast hits the bush but does no damage.
The bush is moderately damaged.
The mystic blast hits the black mamba!
The black mamba is moderately wounded.
The black mamba is knocked back by the mystic blast.
The mystic blast hits the yak!
The yak is almost dead.
The yak is knocked back by the mystic blast.
You hear a bellow! x2; You hear a howl! x2
A nearby plant withers and dies.
A black mamba comes into view.
Your fulminant prism crackles loudly.
Casting: Iskenderun's Mystic Blast (safe; 1% risk of failure)
Confirm with . or Enter, or press ? or * to list all spells.
You erupt in a blast of force!
The mystic blast hits the bush!!
The bush is heavily damaged.
The mystic blast hits the black mamba!!
The black mamba is almost dead.
You hear a bellow!
You hear a howl!
The black mamba bites you!
* * * LOW HITPOINT WARNING * * *
A death yak comes into view.
A polar bear comes into view.
Your fulminant prism explodes!
The blast of energy engulfs you!!
You die...

.... #)...
#.....
#Y.Y... #
....... #.
##.>.....
#.#S†.....h
#..@.Y..S..
#..........
#...P........
##.##P.......
## ...###...
##.# .# ## #


You could see 2 death yaks, a polar bear, 2 black mambas and a yak.

Vanquished Creatures
  A black mamba (Lair:1)
  A komodo dragon (D:10)
  A hornet (D:10)
  Grinder (D:6)
  Sigmund (D:4)
  3 wyverns
  5 yaks
  Eustachio (D:4)
  Menkaure (D:4)
  An acid dragon (D:10)
  2 water moccasins (D:8)
  3 orc warriors
  2 ice beasts
  A sky beast (D:7)
  3 black bears
  2 ogres
  A centaur (D:4)
  Blork the orc (D:6)
  3 kobold brigands
  6 bullfrogs
  2 scorpions (D:6)
  10 killer bees
  A vampire bat (D:3)
  3 howler monkeys (D:7)
  2 electric eels (D:6)
  4 hounds
  2 gnoll boudas
  3 jellies
  9 orc priests
  Jessica (D:2)
  3 sleepcaps
  Ijyb (D:4)
  3 iguanas
  7 orc wizards
  Robin (D:3)
  6 gnolls
  8 adders
  3 shadow imps
  2 white imps (D:7)
  An ufetubus (D:4)
  A worm (D:5)
  3 dart slugs
  24 orcs
  8 ball pythons
  2 giant cockroaches
  12 goblins
  4 hobgoblins
  3 jackals (D:3)
  A quokka (D:5)
  11 bats
  2 frilled lizards
  15 kobolds
  2 rats
200 creatures vanquished.

Vanquished Creatures (others)
  An orc (D:6)
  55 fulminant prisms
  10 fungi (D:10)
  15 plants
81 creatures vanquished.

Grand Total: 281 creatures vanquished

Notes
Turn   | Place    | Note
-------+----------+-------------------------------------------
     0 | D:1      | ders the Djinni Conjurer began the quest for the Orb.
     0 | D:1      | ders set off with the following spells memorised: Magic
                  | Dart, Searing Ray, Dazzling Flash, Fulminant Prism,
                  | Iskenderun's Mystic Blast.
     0 | D:1      | Reached XP level 1. HP: 15/15 MP: 0/0
    62 | D:1      | Reached XP level 2. HP: 19/21 MP: 0/0
   552 | D:2      | Noticed Jessica
   554 | D:2      | Killed Jessica
   555 | D:2      | Reached skill level 4 in Spellcasting
   555 | D:2      | Reached XP level 3. HP: 23/25 MP: 0/0
   555 | D:2      | Learned a level 1 spell: Slow
   586 | D:2      | Reached XP level 4. HP: 25/31 MP: 0/0
  1205 | D:3      | Reached XP level 5. HP: 34/35 MP: 0/0
  1205 | D:3      | Learned a level 2 spell: Static Discharge
  1229 | D:3      | Found a snail-covered altar of Cheibriados.
  1531 | D:3      | Reached skill level 5 in Spellcasting
  1829 | D:3      | Noticed Robin
  1836 | D:3      | Killed Robin
  1953 | D:4      | Noticed Ijyb
  1960 | D:4      | Killed Ijyb
  1961 | D:4      | Reached XP level 6. HP: 27/40 MP: 0/0
  2020 | D:4      | Noticed Eustachio
  2035 | D:4      | Killed Eustachio
  2036 | D:4      | Reached skill level 6 in Spellcasting
  2045 | D:4      | Reached XP level 7. HP: 14/45 MP: 0/0
  2045 | D:4      | Learned a level 2 spell: Scorch
  2437 | D:4      | Noticed Sigmund
  2448 | D:4      | Killed Sigmund
  2449 | D:4      | Reached skill level 7 in Spellcasting
  2449 | D:4      | Reached XP level 8. HP: 41/50 MP: 0/0
  2477 | D:4      | Noticed Menkaure
  2481 | D:4      | Killed Menkaure
  2677 | D:4      | You are sucked into a shaft and drop 1 floor!
  2677 | D:5      | Entered Level 5 of the Dungeon
  3147 | D:5      | Reached skill level 8 in Spellcasting
  3484 | D:5      | Found Lashreatung's Distillery.
  3611 | D:5      | Identified the +3 rapier of the Twisting Visionary {flame,
                  | rElec rC- Will+++ Int+3}
  3854 | D:6      | Found an iron altar of Okawaru.
  3878 | D:6      | Found a shadowy altar of Dithmenos.
  3991 | D:6      | Found a staircase to the Ecumenical Temple.
  4074 | Temple   | Entered the Ecumenical Temple
  4099 | Temple   | Became a worshipper of Ashenzari the Shackled
  4241 | D:6      | Reached XP level 9. HP: 45/55 MP: 0/0
  4241 | D:6      | Learned a level 4 spell: Cause Fear
  4476 | D:6      | Reached skill level 9 in Spellcasting
  4678 | D:6      | Noticed Grinder
  4700 | D:6      | Killed Grinder
  4800 | D:6      | Found a glowing silver altar of Zin.
  4801 | D:6      | Noticed an angel
  4913 | D:6      | Noticed Blork the orc
  4925 | D:6      | Killed Blork the orc
  5292 | D:7      | Reached skill level 10 in Spellcasting
  6152 | D:8      | Reached XP level 10. HP: 57/60 MP: 0/0
  6208 | D:8      | Reached skill level 11 in Spellcasting
  7579 | D:9      | Reached skill level 12 in Spellcasting
  7887 | D:9      | Found Jakerud's General Store.
  7926 | D:9      | Found a basalt altar of Yredelemnul.
  8231 | D:10     | Entered Level 10 of the Dungeon
  8231 | D:10     | Found a burning altar of Makhleb.
  8278 | D:10     | Noticed a two-headed ogre
  8598 | D:10     | Noticed a komodo dragon
  8602 | D:10     | Killed a komodo dragon
  8603 | D:10     | Reached XP level 11. HP: 53/65 MP: 0/0
  8603 | D:10     | Learned a level 5 spell: Silence
  8704 | D:10     | Reached * piety under Ashenzari
  8710 | D:10     | Found a staircase to the Lair.
  8751 | Lair:1   | Entered Level 1 of the Lair of Beasts
  8756 | Lair:1   | Noticed a death yak
  8757 | Lair:1   | Reached skill level 13 in Spellcasting
  8759 | Lair:1   | Noticed a death yak
  8759 | Lair:1   | Killed by an exploding fulminant prism

Illustrated notes

Levels and vault maps discovered:
D:1:      noname_arrival_rooms_in_the_neighbourhood, layout_rooms
D:2:      layout_loops_cross, minmay_surrounded, uniq_jessica
D:3:      layout_loops_ring, mainiacjoe_overflow_cross_hatched,
          amcnicky_mini_pool_small, grunt_ministairs_5, roderic_batcave,
          uniq_robin
D:4:      layout_basic, uniq_ijyb, uniq_eustachio, uniq_menkaure, uniq_sigmund
D:5:      layout_rooms, serial_shops, shop, st_stairs_10, grunt_ministairs_13
D:6:      wad_lake_hut, layout_basic, mainiacjoe_overflow_two_lobes, zin_angel,
          temple_fountains, uniq_blork_the_orc, uniq_grinder
D:7:      layout_loops_cross, st_stairs_5
D:8:      layout_loops_corners
D:9:      layout_cave_pools, kennysheep_little_box, serial_shops, shop,
          kennysheep_path_1, dk_vineyard_2
D:10:     layout_basic, lemuel_crystal_altar, grunt_lair_entry_orc_guard_hut,
          serial_shops, shop, nicolae_shop_statue_plus, enter_bailey_5,
          st_stairs_10
Temple:   nicolae_temple_superstar
Lair:1:   gammafunk_indiana_jones, layout_cave_shapes,
          gammafunk_ghost_wrathful_warriors

Skill      XL: |  1  2  3  4  5  6  7  8  9 10 11 |
---------------+----------------------------------+-----
Spellcasting   | 4 5 6 7 8 10 12 13 | 13.0
Dodging        | |  2.1
Stealth        | |  1.5

Action                     |  1- 3 |  4- 6 |  7- 9 | 10-12 || total
---------------------------+-------+-------+-------+-------++-------
   Cast: Magic Dart        |    26 |    57 |   139 |    43 ||   265
         Searing Ray       |     3 |    23 |    30 |    18 ||    74
         Fulminant Prism   |       |     3 |    30 |    22 ||    55
         Iskenderun's Myst |       |       |    12 |    36 ||    48
 Invoke: Curse Item        |       |       |     1 |     1 ||     2
    Use: Scroll            |       |       |     7 |     5 ||    12
 Armour: Robe              |       |     5 |     2 |       ||     7
         Skin              |       |       |     1 |       ||     1
         Leather armour    |       |       |       |     1 ||     1
  Dodge: Dodged            |     1 |     6 |    28 |    16 ||    51

Table legend: (Time is in decaauts)
 A = Elapsed time spent in this place.
 B = Non-inter-level travel time spent in this place.
 C = Inter-level travel time spent in this place.
 D = Time resting spent in this place.
 E = Time spent auto-exploring this place.
 F = Levels seen in this place.
 G = Mean time per level.
                   A        B        C        D        E       F      G
               +--------+--------+--------+--------+--------+-----+--------+
         Total |   8761 |   8534 |    227 |   2264 |   5298 |  12 |  730.1 |
       Dungeon |   8716 |   8499 |    217 |   2264 |   5283 |  10 |  871.6 |
        Temple |     36 |     26 |     10 |      0 |     15 |   1 |   36.0 |
          Lair |      7 |      7 |      0 |      0 |      0 |   1 |    7.0 |
               +--------+--------+--------+--------+--------+-----+--------+

Top non-repeatable levels by time:
     D:6: 1453 daAuts
     D:8: 1207 daAuts
     D:9: 1180 daAuts
     D:4: 1092 daAuts
     D:7: 975 daAuts
     D:3: 937 daAuts
     D:5: 638 daAuts
     D:2: 601 daAuts
     D:1: 413 daAuts
    D:10: 216 daAuts
  Temple: 36 daAuts
  Lair:1: 7 daAuts
